[Event "Titled Tuesday Blitz August 08 Late 2023"]
[White "Oliveira, Tiago Batista"]
[Black "Vargas, Mauricio"]
[WhiteFideId "2108291"]
[BlackFideId "4404572"]
[WhiteElo "2174"]
[BlackElo "1882"]
[Result "1-0"]
[Round "8"]
[TimeControl "180+1"]
[Date "2023.08.08"]
[WhiteClock "0:00:10"]
[BlackClock "0:00:00"]
[Board "137"]

1. d4 d5 2. c4 c6 3. Nf3 e6 4. g3 Bd6 5. Bg2 Nf6 6. O-O dxc4 7. Nbd2 b5 8. Qc2 Bb7 9. Rd1 O-O 10. e4 Bc7 11. e5 Nd5 12. Ne4 Nb4 13. Qe2 Nd3 14. Bg5 f6 15. exf6 gxf6 16. Bh6 Rf7 17. b3 Nb4 18. bxc4 bxc4 19. Qxc4 Nd5 20. Nc5 Bc8 21. Re1 Re7 22. Re2 Qe8 23. Rae1 a5 24. Bh3 Na6 25. Nxe6 1-0


[Site "https://www.chess.com"]

[Event "Titled Tuesday Blitz August 08 Late 2023"]
[White "Osmonbekov, Talaibek"]
[Black "elcala"]
[WhiteFideId "2017253"]
[WhiteElo "2164"]
[BlackElo "1733"]
[Result "1-0"]
[Round "8"]
[TimeControl "180+1"]
[Date "2023.08.08"]
[WhiteClock "0:01:49"]
[BlackClock "0:01:15"]
[Board "138"]

1. d4 d5 2. Nc3 c6 3. Bf4 Nf6 4. e3 e6 5. Nf3 Bd6 6. Bd3 Bxf4 7. exf4 Nbd7 8. O-O h6 9. Re1 O-O 10. Ne5 Qb6 11. a3 Qxb2 12. Na4 Qxd4 13. Bh7+ Nxh7 14. Qxd4 Nxe5 15. fxe5 b5 16. Nc5 Ng5 17. h4 Nh7 18. Re3 a5 19. Rg3 Re8 20. Qg4 g6 21. Qf4 h5 22. Qh6 Kh8 23. Rf3 Re7 24. Rd1 Bb7 25. Rd4 b4 26. axb4 axb4 27. Rxb4 Ra1+ 28. Kh2 Bc8 29. Rb8 Rc7 30. Rxf7 Rxf7 31. Rxc8+ 1-0


[Site "https://www.chess.com"]

[Event "Titled Tuesday Blitz August 08 Late 2023"]
[White "Burke, Paul"]
[Black "Thiel, Thomas"]
[WhiteFideId "2605767"]
[BlackFideId "4615964"]
[WhiteElo "1861"]
[BlackElo "2181"]
[Result "0-1"]
[Round "8"]
[TimeControl "180+1"]
[Date "2023.08.08"]
[WhiteClock "0:02:07"]
[BlackClock "0:02:28"]
[Board "139"]

1. e4 d5 2. exd5 Nf6 3. d4 Nxd5 4. c4 Nb6 5. Nc3 e5 6. d5 Bb4 7. Bd2 c6 8. Nf3 cxd5 9. cxd5 O-O 10. Bc4 Bg4 11. h3 Bxf3 12. Qxf3 Nxc4 13. O-O-O Nxd2 14. Rxd2 Bxc3 15. Qxc3 Nd7 16. Kb1 Rc8 17. Qg3 Qa5 0-1


[Site "https://www.chess.com"]

[Event "Titled Tuesday Blitz August 08 Late 2023"]
[White "Iturrizaga Bonelli, Eduardo"]
[Black "Naroditsky, Daniel"]
[WhiteFideId "3901211"]
[BlackFideId "2026961"]
[WhiteElo "2991"]
[BlackElo "3203"]
[Result "0-1"]
[Round "9"]
[TimeControl "180+1"]
[Date "2023.08.08"]
[WhiteClock "0:00:05"]
[BlackClock "0:00:08"]
[Board "1"]

1. d4 Nf6 2. Nf3 g6 3. c4 Bg7 4. Nc3 O-O 5. g3 d6 6. Bg2 Nbd7 7. O-O e5 8. Qc2 exd4 9. Nxd4 Nb6 10. b3 c5 11. Ndb5 a6 12. Na3 Bf5 13. Qd1 d5 14. Bg5 h6 15. Bxf6 Bxf6 16. Rc1 Bxc3 17. Rxc3 d4 18. Rc1 Qe7 19. Nc2 Rad8 20. Ne1 Rfe8 21. Bf3 Nd7 22. Nd3 Ne5 23. Nxe5 Qxe5 24. Qd2 h5 25. Rfe1 b6 26. h4 a5 27. Bc6 Bd7 28. Bd5 Be6 29. Bc6 Rf8 30. e4 dxe3 31. Qxe3 Qxe3 32. Rxe3 Rd2 33. a4 Rfd8 34. Rce1 Kg7 35. Kg2 Rb2 36. Rf3 Rbd2 37. Ree3 R8d6 38. Be4 Bg4 39. Rf4 Re6 40. Rc3 f6 41. Bf3 f5 42. Kf1 Kf6 43. Bxg4 hxg4 44. f3 Rd1+ 45. Kf2 Rd2+ 46. Kf1 gxf3 47. Rcxf3 Rd1+ 48. Kf2 Rd2+ 49. Kf1 Ree2 50. g4 Rh2 51. Kg1 Rhg2+ 52. Kf1 Rh2 53. Kg1 Rxh4 54. gxf5 Rxf4 55. Rxf4 gxf5 56. Kf1 Rd3 57. Rh4 Rxb3 58. Ke2 Ke5 59. Kd2 Rb4 60. Kd3 Rxa4 61. Rh6 Rb4 62. Kc3 a4 63. Rh8 Rb3+ 64. Kc2 Kd4 65. Rh4+ Ke3 66. Rh3+ Ke4 67. Rh8 f4 68. Re8+ Kd4 0-1


[Site "https://www.chess.com"]

[Event "Titled Tuesday Blitz August 08 Late 2023"]
[White "Firouzja, Alireza"]
[Black "Nguyen, Ngoc Truong Son"]
[WhiteFideId "12573981"]
[BlackFideId "12401110"]
[WhiteElo "3083"]
[BlackElo "2963"]
[Result "1-0"]
[Round "9"]
[TimeControl "180+1"]
[Date "2023.08.08"]
[WhiteClock "0:01:18"]
[BlackClock "0:01:30"]
[Board "4"]

1. e4 g6 2. d4 Bg7 3. Nc3 d6 4. Be3 a6 5. Nf3 Nd7 6. h4 Ngf6 7. a4 Ng4 8. Bf4 e5 9. dxe5 Ndxe5 10. Qd2 h6 11. O-O-O Be6 12. Nd4 Qf6 13. f3 Nf2 14. Bxe5 dxe5 15. Nxe6 Nxd1 16. Nxc7+ Kf8 17. Nxa8 Nxc3 18. Qxc3 Qd8 19. Nc7 1-0


[Site "https://www.chess.com"]

[Event "Titled Tuesday Blitz August 08 Late 2023"]
[White "Paravyan, David"]
[Black "Henriquez Villagra, Cristobal"]
[WhiteFideId "4194985"]
[BlackFideId "3409350"]
[WhiteElo "3042"]
[BlackElo "2867"]
[Result "1-0"]
[Round "9"]
[TimeControl "180+1"]
[Date "2023.08.08"]
[WhiteClock "0:01:38"]
[BlackClock "0:00:02"]
[Board "5"]

1. e4 d6 2. d4 Nf6 3. Bd3 e5 4. Nf3 Nbd7 5. O-O Be7 6. c4 O-O 7. Nc3 b6 8. Re1 Bb7 9. d5 a5 10. Bc2 Nc5 11. b3 Bc8 12. h3 h6 13. Be3 Nh7 14. a3 Ng5 15. Nd2 f5 16. exf5 Bxf5 17. Bxf5 Rxf5 18. Qc2 Rf7 19. b4 Nb7 20. Nce4 Nxe4 21. Nxe4 Bf8 22. Rac1 axb4 23. axb4 Qd7 24. Red1 Qa4 25. Qc3 Qa3 26. Ra1 Qxc3 27. Nxc3 Rb8 28. Ra7 Be7 29. Ne4 Rff8 30. Rda1 Rfc8 31. R1a6 Kf8 32. Kh2 Ke8 33. Kg3 Nd8 34. Kg4 Kf7 35. h4 Ke8 36. h5 c6 37. Kf5 cxd5 38. cxd5 Rc4 39. b5 Rb4 40. Rxb6 Rxb5 41. Rxb8 Rxb8 42. Kg6 Rb5 43. Kxg7 Rxd5 44. Kxh6 Rd1 45. Kg6 Rh1 46. h6 Ne6 47. Nf6+ Bxf6 48. Kxf6 Nf4 49. Bxf4 exf4 50. h7 1-0


[Site "https://www.chess.com"]

[Event "Titled Tuesday Blitz August 08 Late 2023"]
[White "Fedoseev, Vladimir"]
[Black "Gadimbayli, Abdulla"]
[WhiteFideId "24130737"]
[BlackFideId "13404938"]
[WhiteElo "3088"]
[BlackElo "2851"]
[Result "1-0"]
[Round "9"]
[TimeControl "180+1"]
[Date "2023.08.08"]
[WhiteClock "0:01:27"]
[BlackClock "0:00:29"]
[Board "6"]

1. Nf3 d5 2. g3 Nc6 3. d4 Bg4 4. Bg2 Qd7 5. c4 dxc4 6. d5 O-O-O 7. Nc3 Bxf3 8. Bxf3 Ne5 9. Bg2 e6 10. Qd4 Nc6 11. Qxc4 exd5 12. Nxd5 Bb4+ 13. Kf1 Nf6 14. e4 Rhe8 15. Bg5 Be7 16. h4 Nxd5 17. Bh3 Ne5 18. Bxd7+ Rxd7 19. Qb3 Nb6 20. Rd1 Bd6 21. Kg2 f6 22. Bf4 Rde7 23. Rhe1 Kb8 24. a4 a5 25. Rxd6 1-0


[Site "https://www.chess.com"]

[Event "Titled Tuesday Blitz August 08 Late 2023"]
[White "Ibarra Jerez, Jose Carlos"]
[Black "Aronian, Levon"]
[WhiteFideId "2226332"]
[BlackFideId "13300474"]
[WhiteElo "2859"]
[BlackElo "3034"]
[Result "0-1"]
[Round "9"]
[TimeControl "180+1"]
[Date "2023.08.08"]
[WhiteClock "0:00:04"]
[BlackClock "0:00:19"]
[Board "7"]

1. e4 c5 2. Nf3 e6 3. d4 cxd4 4. Nxd4 Nc6 5. Nc3 Qc7 6. Be3 a6 7. g4 h6 8. Qd2 Ne5 9. Be2 Nf6 10. h3 Bb4 11. f3 d5 12. O-O-O dxe4 13. f4 Nd5 14. Nb3 Nxc3 15. bxc3 Bxc3 16. Qd6 Qxd6 17. Rxd6 Nc6 18. Nc5 Bb4 19. Kb2 O-O 20. a3 Ba5 21. Nxe4 Bc7 22. Rd2 Rd8 23. Rhd1 Rxd2 24. Rxd2 b5 25. Nd6 Na5 26. Bf3 Bxd6 27. Bxa8 Nc4+ 28. Kc3 Nxd2 29. Bxd2 Bxa3 30. Kd4 Bd6 31. Be4 f5 32. gxf5 exf5 33. Kd5 fxe4 34. Kxd6 Bxh3 35. Ke5 Bg2 36. f5 h5 37. Be1 a5 38. Bxa5 h4 39. Kf4 h3 40. Kg3 e3 41. Bc3 e2 42. Kf2 Be4 43. Be5 Bxc2 44. Kxe2 b4 45. Kf3 b3 46. f6 gxf6 47. Bxf6 Kf7 48. Bb2 Ke6 49. Kg3 Bf5 50. Kf3 Kd5 51. Bc1 Kc4 52. Bb2 Kd3 53. Be5 Kc2 54. Kg3 b2 55. Bxb2 Kxb2 56. Kf3 Kc2 57. Kf2 Kd2 58. Kg3 Ke3 59. Kh2 Kf2 60. Kh1 Kg3 61. Kg1 h2+ 62. Kh1 Be4# 0-1


[Site "https://www.chess.com"]

[Event "Titled Tuesday Blitz August 08 Late 2023"]
[White "Martinez Alcantara, Jose Eduardo"]
[Black "Ozen, Deniz"]
[WhiteFideId "3805662"]
[BlackFideId "6349196"]
[WhiteElo "3033"]
[BlackElo "2851"]
[Result "1-0"]
[Round "9"]
[TimeControl "180+1"]
[Date "2023.08.08"]
[WhiteClock "0:00:06"]
[BlackClock "0:00:00"]
[Board "8"]

1. e4 e5 2. Nf3 Nf6 3. Nc3 Nc6 4. h3 d5 5. exd5 Nd4 6. Bc4 Bc5 7. d3 O-O 8. O-O Re8 9. Re1 a6 10. a4 Bf5 11. Be3 Qd7 12. Kh2 Qd6 13. Kg1 Rad8 14. Ng5 Bb4 15. Rf1 h6 16. Nge4 Qe7 17. f4 b5 18. fxe5 Qxe5 19. Bf4 Qe7 20. axb5 axb5 21. d6 cxd6 22. Nd5 Nxd5 23. Bxd5 Bc5 24. Kh1 Qd7 25. c3 Ne6 26. Bxh6 Bxe4 27. dxe4 gxh6 28. Qh5 Be3 29. Rf3 Bg5 30. Raf1 Rf8 31. Rf6 Ng7 32. Bxf7+ Rxf7 33. Qxf7+ Qxf7 34. Rxf7 Re8 35. g3 Nh5 36. R7f3 Rxe4 37. h4 Be7 38. Kg2 Rg4 39. Kh3 Rg6 40. g4 Nf6 41. Re1 Kf7 42. Rf5 Ke8 43. h5 Rxg4 44. Rxf6 Rg5 45. Rxh6 Kd8 46. Rh8+ Kd7 47. Rh7 1-0


[Site "https://www.chess.com"]

[Event "Titled Tuesday Blitz August 08 Late 2023"]
[White "Andreikin, Dmitry"]
[Black "Asadli, Vugar"]
[WhiteFideId "4158814"]
[BlackFideId "13405764"]
[WhiteElo "3013"]
[BlackElo "2843"]
[Result "1-0"]
[Round "9"]
[TimeControl "180+1"]
[Date "2023.08.08"]
[WhiteClock "0:01:50"]
[BlackClock "0:00:50"]
[Board "9"]

1. d4 g6 2. e4 Bg7 3. Nf3 d6 4. Bc4 e6 5. O-O Ne7 6. Bb3 b6 7. c3 Bb7 8. Re1 Nd7 9. Nbd2 h6 10. Nf1 O-O 11. Ng3 c5 12. Be3 Nf6 13. Bc2 Rc8 14. h3 d5 15. e5 Ne4 16. Rc1 Nf5 17. Nxf5 exf5 18. h4 Qd7 19. Bd3 cxd4 20. Bxd4 f4 21. Nd2 Nc5 22. Bb1 Rfe8 23. h5 g5 24. Qc2 Ne4 25. f3 Ng3 26. Qh7+ Kf8 27. Qxg7+ 1-0


[Site "https://www.chess.com"]

[Event "Titled Tuesday Blitz August 08 Late 2023"]
[White "Kramnik, Vladimir"]
[Black "Lysyj, Igor"]
[WhiteFideId "4101588"]
[BlackFideId "4150120"]
[WhiteElo "2971"]
[BlackElo "2846"]
[Result "0-1"]
[Round "9"]
[TimeControl "180+1"]
[Date "2023.08.08"]
[WhiteClock "0:00:00"]
[BlackClock "0:00:04"]
[Board "10"]

1. c4 e6 2. Nc3 d5 3. d4 c5 4. cxd5 exd5 5. dxc5 d4 6. Ne4 Nc6 7. Nf3 Bxc5 8. Nxc5 Qa5+ 9. Bd2 Qxc5 10. b4 Qb6 11. a4 a6 12. b5 axb5 13. axb5 Rxa1 14. Qxa1 Qxb5 15. e3 Qb6 16. Bd3 Nge7 17. O-O O-O 18. Rb1 Qc7 19. Nxd4 Nxd4 20. exd4 Bf5 21. Rc1 Qd7 22. Bf1 Rc8 23. Rxc8+ Qxc8 24. Qa3 Nd5 25. Qd6 Qd7 26. Qa3 h6 27. h3 Be6 28. Bd3 Bf5 29. Bf1 Be6 30. Qc5 b6 31. Qa3 Bf5 32. Qa8+ Kh7 33. Qf8 Nf6 34. Be3 Nd5 35. Bd2 Nf6 36. Qb4 Nd5 37. Qb3 Be6 38. Qf3 Bf5 39. g4 Bg6 40. h4 Nf6 41. g5 Nd5 42. h5 Bf5 43. gxh6 gxh6 44. Qg3 Qe6 45. Bg2 Be4 46. Bh3 Bf5 47. Bg2 Be4 48. f3 Bf5 49. Kh2 b5 50. Qe5 b4 51. f4 Qxe5 52. dxe5 Nc3 53. Bc6 Ne2 0-1


[Site "https://www.chess.com"]

[Event "Titled Tuesday Blitz August 08 Late 2023"]
[White "He, Anthony"]
[Black "Talibov, Shiroghlan"]
[WhiteFideId "2088215"]
[BlackFideId "13429078"]
[WhiteElo "2953"]
[BlackElo "2835"]
[Result "1-0"]
[Round "9"]
[TimeControl "180+1"]
[Date "2023.08.08"]
[WhiteClock "0:00:11"]
[BlackClock "0:00:00"]
[Board "11"]

1. e4 e5 2. Nf3 Nc6 3. Bc4 Nf6 4. d3 Bc5 5. O-O d6 6. c3 a5 7. Nbd2 Ba7 8. Re1 h6 9. Nf1 O-O 10. Ng3 Ne7 11. h3 c6 12. Bb3 Ng6 13. d4 Re8 14. Bc2 Qc7 15. Be3 Nf4 16. Qd2 g5 17. Rad1 Be6 18. h4 Nh7 19. hxg5 hxg5 20. Nf5 f6 21. g3 Ng6 22. Kg2 Bxf5 23. exf5 Ne7 24. dxe5 Bxe3 25. Qxd6 Qxd6 26. exd6 Nd5 27. d7 Re7 28. fxe3 Rxd7 29. e4 Nb6 30. Bb3+ Kg7 31. Be6 Rxd1 32. Rxd1 g4 33. Nh2 Ng5 34. Nxg4 Nxe4 35. Rd4 Ng5 36. Bb3 Re8 37. Kf1 Ne4 38. Kg2 Ng5 39. Rd2 Re4 40. Nf2 Re5 41. g4 Re3 42. Rd8 a4 43. Rb8 Re7 44. Be6 Nxe6 45. fxe6 Nc4 46. Ne4 Nxb2 47. Ng3 Rxe6 48. Rxb7+ Kg6 49. Rxb2 Re3 50. Rc2 Kg5 51. Kf2 Rd3 52. Ne4+ Kxg4 53. Ke2 1-0


[Site "https://www.chess.com"]

[Event "Titled Tuesday Blitz August 08 Late 2023"]
[White "Terry, Renato"]
[Black "Ashraf, Artin"]
[WhiteFideId "3803457"]
[BlackFideId "22514805"]
[WhiteElo "2916"]
[BlackElo "2833"]
[Result "1-0"]
[Round "9"]
[TimeControl "180+1"]
[Date "2023.08.08"]
[WhiteClock "0:01:07"]
[BlackClock "0:00:00"]
[Board "12"]

1. d4 a6 2. c4 b5 3. e4 bxc4 4. Bxc4 e6 5. Nc3 Nf6 6. e5 d5 7. exf6 dxc4 8. Qa4+ Nd7 9. fxg7 Bxg7 10. Nge2 Bb7 11. Qxc4 O-O 12. O-O Nb6 13. Qc5 Nd5 14. Bd2 Kh8 15. Nxd5 Bxd5 16. Nf4 Bb7 17. Bc3 Qh4 18. Qxc7 Be4 19. f3 Bf5 20. d5 Rac8 21. Bxg7+ Kxg7 22. Qe5+ f6 23. Qd4 Kh8 24. dxe6 Rc2 25. Ng6+ 1-0


[Site "https://www.chess.com"]

[Event "Titled Tuesday Blitz August 08 Late 2023"]
[White "Fressinet, Laurent"]
[Black "Pakleza, Zbigniew"]
[WhiteFideId "608742"]
[BlackFideId "1119290"]
[WhiteElo "2916"]
[BlackElo "2821"]
[Result "0-1"]
[Round "9"]
[TimeControl "180+1"]
[Date "2023.08.08"]
[WhiteClock "0:00:09"]
[BlackClock "0:00:06"]
[Board "13"]

1. d4 d6 2. e4 Nf6 3. Nc3 c6 4. f4 Qb6 5. Nf3 Bg4 6. e5 Nd5 7. Nxd5 cxd5 8. c3 e6 9. Be2 Nc6 10. Ng5 Bxe2 11. Qxe2 h6 12. Nf3 g6 13. O-O O-O-O 14. a4 Na5 15. b4 Nc4 16. Nd2 Qc7 17. a5 Kb8 18. a6 b6 19. Nxc4 Qxc4 20. Qxc4 dxc4 21. Be3 Kc7 22. Rad1 Kc6 23. d5+ exd5 24. Bd4 Bg7 25. Rb1 Kb5 26. Rbd1 Rhe8 27. Rfe1 Kxa6 28. Kf2 Kb5 29. Kf3 Re6 30. Ra1 a6 31. Re2 dxe5 32. fxe5 Rde8 33. Kf4 f6 34. exf6 Bxf6 35. Rxe6 Rxe6 36. Bxf6 Rxf6+ 37. Ke5 Rf2 38. Kxd5 Rxg2 39. h4 Rd2+ 40. Ke6 Rh2 41. Kf6 Rxh4 42. Kxg6 Rh3 43. Ra3 Rh1 44. Ra2 Rc1 45. Ra3 Rb1 46. Ra2 Rh1 47. Ra3 h5 48. Kg5 h4 49. Kg4 h3 50. Kg3 Rb1 51. Ra2 Rb3 52. Rc2 a5 53. bxa5 Kxa5 54. Kxh3 b5 55. Kg4 b4 56. cxb4+ Kxb4 57. Kf4 Rd3 58. Ke4 Rd8 59. Rc1 c3 60. Rb1+ Ka3 61. Rb7 c2 62. Ra7+ Kb2 63. Rb7+ Kc3 64. Rc7+ Kd2 65. Rd7+ Rxd7 0-1


[Site "https://www.chess.com"]

[Event "Titled Tuesday Blitz August 08 Late 2023"]
[White "Grigoriants, Sergey"]
[Black "Fier, Alexandr"]
[WhiteFideId "4130804"]
[BlackFideId "2107139"]
[WhiteElo "2905"]
[BlackElo "2786"]
[Result "0-1"]
[Round "9"]
[TimeControl "180+1"]
[Date "2023.08.08"]
[WhiteClock "0:00:05"]
[BlackClock "0:01:40"]
[Board "14"]

1. d4 Nf6 2. c4 c5 3. d5 e6 4. Nc3 exd5 5. cxd5 d6 6. e4 g6 7. f4 Bg7 8. Bb5+ Nfd7 9. Nf3 O-O 10. O-O a6 11. Bxd7 Nxd7 12. f5 Ne5 13. Nxe5 Bxe5 14. Bf4 Qe7 15. Qd2 b5 16. Bxe5 Qxe5 17. Qh6 f6 18. fxg6 Ra7 19. Rf3 hxg6 20. Raf1 Rg7 21. Rg3 Kf7 22. Qh4 Ke7 23. Rgf3 Rgf7 24. a4 b4 25. Nd1 Qd4+ 26. Ne3 Kd8 27. Kh1 Kc7 28. b3 f5 29. Nc4 Bd7 30. Qg3 Rf6 31. e5 dxe5 32. Nxe5 f4 33. Qg5 Rf5 34. Qe7 Qxe5 35. Qxc5+ Kb7 36. Qxb4+ Ka8 37. Qb6 R5f6 38. Qc5 Rc8 39. Qa5 g5 40. h3 g4 41. Rxf4 Rd6 42. Rf7 gxh3 43. Rxd7 hxg2+ 44. Kxg2 Rg8+ 0-1


[Site "https://www.chess.com"]

[Event "Titled Tuesday Blitz August 08 Late 2023"]
[White "Zhigalko, Sergei"]
[Black "Haydon, David L"]
[WhiteFideId "13502956"]
[BlackFideId "415405"]
[WhiteElo "2889"]
[BlackElo "2785"]
[Result "1-0"]
[Round "9"]
[TimeControl "180+1"]
[Date "2023.08.08"]
[WhiteClock "0:00:02"]
[BlackClock "0:00:06"]
[Board "15"]

1. e4 c6 2. d4 d5 3. e5 c5 4. Nf3 cxd4 5. Qxd4 Nc6 6. Qf4 e6 7. Bd3 h6 8. O-O Nge7 9. Re1 g5 10. Qg4 Nf5 11. Nc3 Be7 12. Qa4 Rg8 13. Nb5 g4 14. Nfd4 Nfxd4 15. Nxd4 Bd7 16. Nxc6 Bxc6 17. Qf4 h5 18. Be3 Bg5 19. Qd4 Bxe3 20. fxe3 Qb6 21. Rf1 Qxd4 22. exd4 Ke7 23. Rf6 Raf8 24. a4 a5 25. b3 Rh8 26. Raf1 Be8 27. Kf2 Rfg8 28. Ke3 h4 29. R1f4 Rg7 30. Be2 g3 31. h3 Rgh7 32. Rg4 Kf8 33. Kf4 Ke7 34. Bd3 Rh5 35. Rg5 R5h6 36. Rxh6 Rxh6 37. Rg7 Kf8 38. Rg4 f6 39. exf6 Rxf6+ 40. Kg5 Ke7 41. Kxh4 Bc6 42. Kxg3 Kd6 43. Rg5 1-0


[Site "https://www.chess.com"]

[Event "Titled Tuesday Blitz August 08 Late 2023"]
[White "Kuzmicz, Krystian"]
[Black "Holt, Conrad"]
[WhiteFideId "1119125"]
[BlackFideId "2034387"]
[WhiteElo "2768"]
[BlackElo "2883"]
[Result "1-0"]
[Round "9"]
[TimeControl "180+1"]
[Date "2023.08.08"]
[WhiteClock "0:00:14"]
[BlackClock "0:00:02"]
[Board "16"]

1. e4 e6 2. b3 d5 3. Bb2 dxe4 4. Nc3 Nf6 5. Qe2 Nc6 6. O-O-O Nd4 7. Qe1 a5 8. d3 e5 9. dxe4 Bd6 10. f4 Qe7 11. Nf3 Nxf3 12. gxf3 exf4 13. Bb5+ Kf8 14. Rg1 Rg8 15. Rg5 Nd7 16. Qg1 f6 17. Rh5 g5 18. Nd5 Qf7 19. Bxd7 Qxh5 20. Nxf6 Qg6 21. Bxc8 Rxc8 22. Qg4 Rd8 23. e5 Be7 24. Rxd8+ Bxd8 25. Qd7 Bxf6 26. exf6 Rh8 27. Qe7+ Kg8 28. Qd8+ Kf7 29. Qxh8 g4 30. fxg4 f3 31. Qc8 Qh6+ 32. Kd1 Qxh2 33. Qd7+ Kf8 34. Qe7+ Kg8 35. Qg7# 1-0


[Site "https://www.chess.com"]

[Event "Titled Tuesday Blitz August 08 Late 2023"]
[White "Khanin, Semen"]
[Black "Hambleton, Aman"]
[WhiteFideId "4111990"]
[BlackFideId "2606577"]
[WhiteElo "2882"]
[BlackElo "2775"]
[Result "1-0"]
[Round "9"]
[TimeControl "180+1"]
[Date "2023.08.08"]
[WhiteClock "0:01:15"]
[BlackClock "0:00:05"]
[Board "17"]

1. e4 b6 2. d4 Bb7 3. Bd3 e6 4. Nf3 d5 5. e5 Ba6 6. O-O Bxd3 7. Qxd3 Qd7 8. a4 c5 9. b3 Nc6 10. Ba3 cxd4 11. Bxf8 Kxf8 12. Re1 Rc8 13. Na3 Nge7 14. Nxd4 Nxd4 15. Qxd4 Nf5 16. Qd3 Qe7 17. Nb5 a6 18. Nd4 Nxd4 19. Qxd4 Qc5 20. Qd3 a5 21. c4 dxc4 22. bxc4 g6 23. Qf3 Qe7 24. Rab1 Kg7 25. Rxb6 Rxc4 26. Rb7 Qd8 27. Qxf7+ Kh6 28. Qxe6 Qc8 29. Qf7 Rc1 30. Qf4+ g5 31. Rb6+ Rc6 32. Qd4 Re8 33. h4 Rxb6 34. Qxb6+ Qe6 35. Qe3 Qf5 36. Qxg5+ Qxg5 37. hxg5+ Kxg5 38. e6 Kf6 39. e7 Rxe7 40. Rxe7 Kxe7 41. f4 Ke6 42. g4 Kd5 43. Kf2 Ke4 44. Kg3 h6 45. f5 Ke5 46. Kh4 Kf6 47. Kh5 Kg7 48. f6+ Kh7 49. f7 Kg7 50. f8=Q+ Kxf8 51. Kxh6 Kg8 52. Kg6 Kh8 53. g5 Kg8 54. Kh6 Kh8 55. g6 Kg8 56. g7 Kf7 57. Kh7 1-0


[Site "https://www.chess.com"]

[Event "Titled Tuesday Blitz August 08 Late 2023"]
[White "Rasulov, Vugar"]
[Black "carokannlover213"]
[WhiteFideId "13402390"]
[WhiteElo "2866"]
[BlackElo "2738"]
[Result "1-0"]
[Round "9"]
[TimeControl "180+1"]
[Date "2023.08.08"]
[WhiteClock "0:01:04"]
[BlackClock "0:00:01"]
[Board "18"]

1. e4 e6 2. Qe2 c5 3. f4 Nc6 4. Nf3 g6 5. g3 Bg7 6. Bg2 d6 7. O-O Nge7 8. c3 O-O 9. d3 Rb8 10. Be3 b5 11. d4 cxd4 12. cxd4 Ba6 13. Rc1 Qa5 14. Nbd2 b4 15. Qf2 Rfc8 16. g4 h6 17. h4 h5 18. Nb3 Qb5 19. Bf1 Qb7 20. gxh5 gxh5 21. Kh2 Ng6 22. Bh3 Nce7 23. f5 exf5 24. exf5 Nf8 25. Rg1 f6 26. Bh6 Neg6 27. Bxg7 Kxg7 28. Rg2 Re8 29. Rag1 Re2 30. Qg3 Rxg2+ 31. Rxg2 Re8 32. fxg6 Re3 33. Nbd2 Be2 34. Rf2 Bxf3 35. Nxf3 Qe4 36. Bg2 Ne6 37. Ng5 Nxg5 38. Bxe4 Rxg3 39. hxg5 Rxg5 40. Kh3 Rg4 41. Bf5 Rxd4 42. Rc2 Rd5 43. Rc7+ Kh6 44. Rh7+ Kg5 45. g7 Kxf5 46. g8=Q Rd3+ 47. Kh4 1-0


[Site "https://www.chess.com"]

[Event "Titled Tuesday Blitz August 08 Late 2023"]
[White "Zemlyanskii, Ivan"]
[Black "Sun, Rick"]
[WhiteFideId "24249971"]
[BlackFideId "30909481"]
[WhiteElo "2883"]
[BlackElo "2608"]
[Result "1/2-1/2"]
[Round "9"]
[TimeControl "180+1"]
[Date "2023.08.08"]
[WhiteClock "0:00:04"]
[BlackClock "0:00:08"]
[Board "19"]

1. d4 d6 2. Nf3 Nf6 3. c4 g6 4. Nc3 Bg7 5. e4 O-O 6. Be2 e5 7. O-O Nc6 8. Be3 Ng4 9. Bg5 f6 10. Bc1 f5 11. Bg5 Qe8 12. dxe5 Ngxe5 13. Nxe5 Bxe5 14. exf5 Rxf5 15. Be3 Be6 16. Nd5 Rf7 17. Qd2 Qd7 18. f4 Bg7 19. Bf3 Raf8 20. h3 Ne7 21. Rae1 Nf5 22. b3 c6 23. Nb4 Nxe3 24. Qxe3 Bf5 25. Qxa7 c5 26. Nd5 Bd4+ 27. Kh2 Be6 28. Qb6 Kh8 29. Qa7 Bxd5 30. Bxd5 Rxf4 31. Rxf4 Rxf4 32. Qb8+ Kg7 33. Qe8 Qxe8 34. Rxe8 Be5 35. Kg1 Bd4+ 36. Kh2 Be5 37. g3 Rf2+ 38. Kg1 Rxa2 39. Re7+ Kh6 40. Rxb7 Bxg3 41. Bg8 Kg5 42. Rxh7 Rb2 43. Rb7 Be5 44. Bd5 Kf4 45. Rf7+ Kg3 46. Rf3+ Kh4 47. Kf1 Bd4 48. Be6 Kg5 49. Bg4 Kh4 50. Ke1 Kg5 51. Kd1 Kh4 52. Kc1 Ra2 53. Kb1 Rh2 54. Rd3 Be5 55. Kc1 Kg5 56. Re3 Kf4 57. Rd3 Kg5 58. Rf3 Bf4+ 59. Kb1 Be5 60. Kc1 Bf4+ 61. Kb1 Be5 62. Rd3 Bf4 63. Rd5+ Be5 64. Rd3 Rb2+ 65. Kc1 Rh2 1/2-1/2


[Site "https://www.chess.com"]

[Event "Titled Tuesday Blitz August 08 Late 2023"]
[White "Bilan, Danila"]
[Black "Bauman_Guy"]
[WhiteFideId "24161918"]
[WhiteElo "2605"]
[BlackElo "2798"]
[Result "0-1"]
[Round "9"]
[TimeControl "180+1"]
[Date "2023.08.08"]
[WhiteClock "0:00:03"]
[BlackClock "0:01:01"]
[Board "20"]

1. d4 Nf6 2. Nf3 b6 3. g3 Bb7 4. Bg2 g6 5. O-O Bg7 6. c4 O-O 7. Nc3 e6 8. Qc2 a5 9. b3 d6 10. Bb2 Nbd7 11. Rad1 Re8 12. Rfe1 e5 13. dxe5 dxe5 14. Nxe5 Bxg2 15. Nxd7 Nxd7 16. Kxg2 c6 17. Rd6 Qc7 18. Red1 Nc5 19. Na4 Nxa4 20. Bxg7 Kxg7 21. bxa4 Kg8 22. e3 Rad8 23. Qd3 Rxd6 24. Qxd6 Qc8 25. Qd7 Qa8 26. Rd6 c5+ 27. Kg1 Rb8 28. h4 Qe4 29. Rf6 Qxc4 30. h5 Qxa2 31. h6 Qa1+ 32. Kg2 Qxf6 33. g4 Rd8 34. Qc6 Qxc6+ 0-1


[Site "https://www.chess.com"]

[Event "Titled Tuesday Blitz August 08 Late 2023"]
[White "Miladinovic, Igor"]
[Black "Willy, Stephen"]
[WhiteFideId "4203380"]
[BlackFideId "30981468"]
[WhiteElo "2772"]
[BlackElo "2548"]
[Result "0-1"]
[Round "9"]
[TimeControl "180+1"]
[Date "2023.08.08"]
[WhiteClock "0:00:00"]
[BlackClock "0:00:04"]
[Board "21"]

1. d4 Nf6 2. Bg5 c5 3. dxc5 e6 4. Nd2 Bxc5 5. e3 h6 6. Bh4 d5 7. Ngf3 Nc6 8. a3 a6 9. b4 Be7 10. c4 d4 11. exd4 Nxd4 12. Bd3 Nf5 13. Bxf5 exf5 14. Bxf6 Bxf6 15. Qe2+ Be6 16. Rd1 O-O 17. O-O Qc7 18. c5 Rfe8 19. Rfe1 Rad8 20. Nc4 Bd7 21. Qc2 Rxe1+ 22. Rxe1 Be6 23. h3 g6 24. Nfe5 Rd5 25. Nxg6 Bc8 26. Re8+ Kg7 27. Rxc8 Qxc8 28. Nf4 Rd4 29. Nh5+ Kg6 30. g4 Qe6 31. Nd6 Kg5 32. Nxf5 Qe1+ 33. Kg2 Rd2 34. Qxd2+ Qxd2 35. Kg3 Kg6 36. f4 Qc3+ 37. Kg2 Bd4 38. Nhg3 Qd2+ 39. Kf3 Qd3+ 40. Kg2 Bb2 41. h4 Bxa3 42. h5+ Kh7 43. g5 Bxb4 44. Kh3 Bxc5 45. Kg4 Bf2 46. g6+ fxg6 47. hxg6+ Kxg6 48. Nh4+ Kf7 49. Nh5 a5 50. Nf5 a4 51. Nxh6+ Kg6 52. Ng8 Qf5+ 53. Kf3 Qxh5+ 0-1


[Site "https://www.chess.com"]